 Dungeon Crawl Stone Soup version 0.29-a0-775-g4d7333d4e2 (webtiles) character file.

Game seed: 16728950290739343301

1652 Mesmaeker13 the Fighter (level 9, -3/97 HPs)
             Began as an Ogre Gladiator on July 1, 2022.
             Was a Follower of Wu Jian.
             Killed from afar by an orc warrior (29 damage)
             ... with a bolt of acid
             ... on level 6 of the Dungeon.
             The game lasted 00:12:05 (5910 turns).

Mesmaeker13 the Fighter (Ogre Gladiator)            Turns: 5910, Time: 00:12:06

Health: -3/97      AC:  4    Str: 22    XL:     9   Next: 0%
Magic:  9/9        EV: 17    Int: 11    God:    Wu Jian [*.....]
Gold:   372        SH:  0    Dex: 16    Spells: 8/8 levels left

rFire   . . .      SeeInvis .   a - +0 flail
rCold   . . .      Faith    .   (no shield)
rNeg    . . .      Spirit   .   b - +0 robe
rPois   .          Reflect  .   c - +1 hat
rElec   .          Harm     .   (no cloak)
rCorr   .          Rampage  .   (gloves unavailable)
Will    .....                   (boots unavailable)
Stlth   +.........              i - amulet of regeneration
HPRegen 1.06/turn               o - +6 ring of dexterity
MPRegen 0.11/turn               F - +4 ring of evasion

@: no status effects
A: large, unfitting armour, tough skin 1
a: Renounce Religion


You were on level 6 of the Dungeon.
You worshipped Wu Jian.
Wu Jian was aware of your devotion.
You visited 1 branch of the dungeon, and saw 6 of its levels.
You also visited: Sewer.

You collected 372 gold pieces.

Inventory:

Hand Weapons
 a - a +0 flail (weapon)
 d - a +0 giant spiked club
 e - a +0 giant club
Missiles
 l - 22 poisoned darts
 x - 5 boomerangs of dispersal
 A - a large rock
 H - 5 curare-tipped darts (quivered)
Armour
 b - a +0 robe (worn)
 c - a +1 hat (worn)
 J - an orb of mayhem
Jewellery
 f - an amulet of magic regeneration
 i - an amulet of regeneration (around neck)
 o - a +6 ring of dexterity (left hand)
 w - a ring of resist corrosion
 F - a +4 ring of evasion (right hand)
Wands
 j - a wand of digging (5)
 D - a wand of charming (18)
Scrolls
 g - 2 scrolls of vulnerability {unknown}
 m - a scroll of silence
 n - a scroll of summoning {unknown}
 p - 2 scrolls of poison
 r - 3 scrolls of fear {unknown}
 s - 4 scrolls of magic mapping
 u - 2 scrolls of noise {unknown}
 v - a scroll of torment {unknown}
 y - 2 scrolls of fog {unknown}
 B - 2 scrolls of enchant armour
 E - a scroll of brand weapon {unknown}
Potions
 h - 3 potions of cancellation
 k - a potion of resistance {unknown}
 q - a potion of might
 t - 3 potions of brilliance {unknown}
 z - a potion of attraction {unknown}
 C - a potion of curing {unknown}
 G - a potion of mutation {unknown}
 I - 2 potions of haste {unknown}
 K - a potion of heal wounds {unknown}
 L - a potion of magic {unknown}


   Skills:
 + Level 8.8 Fighting
 + Level 6.4 Maces & Flails
 - Level 2.0 Throwing
 + Level 6.4 Dodging


You had 8 spell levels left.
You didn't know any spells.
Your spell library contained the following spells:

 Spells                   Type           Power      Damage    Failure   Level
 Magic Dart               Conj           0%         1d3       34%         1
 Ensorcelled Hibernation  Hex/Ice        0%         N/A       47%         2
 Passwall                 Tmut/Erth      0%         N/A       47%         2
 Searing Ray              Conj           0%         2d4       47%         2
 Swiftness                Air            0%         N/A       71%         3
 Fulminant Prism          Conj/Hex       0%         3d6       98%         4
 Olgreb's Toxic Radiance  Pois           0%         N/A       98%         4
 Ozocubu's Refrigeration  Ice            0%         4d5       100%        7
 Ignition                 Fire           0%         3d3       100%        8


Dungeon Overview and Level Annotations

Branches:
Dungeon (6/15)             Temple (0/1) D:6           Sewer (visited)

Altars:
Vehumet
Wu Jian

Shops:
D:3 :

Annotations:
D:6 3 runed translucent doors, Azuvok's ghost, novice HOFi


Innate Abilities, Weirdness & Mutations

You are too large for most types of armour.
You have tough skin. (AC +1)


Message History

The orc warrior is moderately wounded.
The orc priest hits you with a +0 whip.
The orc warrior hits you with a +0 dire flail!
You sock the orc priest!
The orc priest is heavily wounded.
The orc priest closely misses you.
You hit the orc priest but do no damage.
The orc priest is heavily wounded.
The orc warrior hits you with a +0 dire flail!
The orc priest casts a cantrip, but nothing happens.
You closely miss the orc priest.
The orc priest is heavily wounded.
The orc priest misses you.
The orc warrior zaps a wand.
The bolt of acid misses you.
You hit the orc priest.
The orc priest is almost dead.
The orc priest barely misses you.
The orc warrior hits you with a +0 dire flail!
You hit the orc priest.
You kill the orc priest!
The Council accepts your kill.
You have reached level 9!
Your experience leads to an increase in your attributes!
Your base attributes are Str 21, Int 9, Dex 10.
Increase (S)trength, (I)ntelligence, or (D)exterity?
You feel clever. x2; You feel stronger.
You hit the orc warrior.
The orc warrior is severely wounded.
The orc warrior closely misses you.
You hit the orc warrior.
The orc warrior is almost dead.
The orc warrior zaps a wand.
The bolt of acid hits you!!
* * * LOW HITPOINT WARNING * * *
The acid corrodes you!
It was a potion of cancellation.
Your magical effects are unravelling.
You feel magically purged.
You are no longer corroded.
The orc warrior zaps a wand.
The bolt of acid hits you!!
You die...

..# ... ###.## .... #### ####
..## ##.o###..###..#
##..@)(.(((#...##
#....####.....o.#
#.......#....#..## #
#..#.....##.##...# ..
####.....##)###.o#...
####......#.)##...o...
########.####...###.##.......
#.....#...##..[## #......#...
#...............# #.#..####..


You could see an orc warrior (poisoned, slow).

Vanquished Creatures
  A black bear (D:5)
  An ice beast (D:5)
  4 ogres
  8 kobold brigands
  A howler monkey (D:4)
  A hound (D:4)
  A jelly (D:4)
  2 orc priests (D:6)
  Ijyb (D:3)
  4 iguanas
  2 orc wizards
  13 adders
  3 river rats (Sewer)
  5 worms
  2 dart slugs
  7 orcs
  A bat (D:1)
  6 endoplasms
  4 giant cockroaches
  6 goblins
  5 hobgoblins
  4 jackals (D:4)
  3 quokkas
  5 ball pythons
  4 frilled lizards
  16 kobolds
  12 rats
122 creatures vanquished.

Vanquished Creatures (others)
  8 plants (D:5)
8 creatures vanquished.

Grand Total: 130 creatures vanquished

Notes
Turn   | Place    | Note
-------+----------+-------------------------------------------
     0 | D:1      | Mesmaeker13 the Ogre Gladiator began the quest for the Orb.
     0 | D:1      | Reached XP level 1. HP: 22/22 MP: 1/1
   416 | D:1      | Reached skill level 3 in Fighting
   447 | D:1      | Reached XP level 2. HP: 31/31 MP: 2/2
  1160 | D:1      | Found a faded altar of an unknown god.
  1624 | D:2      | Reached XP level 3. HP: 34/37 MP: 3/3
  2331 | D:3      | Noticed Ijyb
  2347 | D:3      | Killed Ijyb
  2348 | D:3      | Reached skill level 4 in Fighting
  2348 | D:3      | Reached XP level 4. HP: 41/48 MP: 4/4
  2368 | D:3      | Noticed an ogre
  2388 | D:3      | Killed an ogre
  2389 | D:3      | Reached XP level 5. HP: 53/55 MP: 5/5
  2543 | D:3      | Found Xug Ipnia's Book Shoppe.
  3035 | D:4      | Found a radiant altar of Vehumet.
  3117 | D:4      | Reached skill level 5 in Fighting
  3221 | D:4      | Reached XP level 6. HP: 59/66 MP: 6/6
  3447 | D:4      | Found an ornate altar of the Wu Jian Council.
  3817 | D:4      | Became a worshipper of the Wu Jian Council
  3827 | D:5      | Entered Level 5 of the Dungeon
  3850 | D:5      | Noticed a black bear
  3934 | D:5      | Noticed an ice beast
  3945 | D:5      | Killed an ice beast
  3946 | D:5      | Reached skill level 6 in Fighting
  3946 | D:5      | Reached XP level 7. HP: 75/75 MP: 7/7
  4154 | D:5      | Found a glowing drain.
  4167 | Sewer    | Entered a sewer
  4326 | Sewer    | Reached skill level 5 in Maces & Flails
  4326 | Sewer    | Reached skill level 5 in Dodging
  4400 | Sewer    | Reached skill level 7 in Fighting
  4560 | Sewer    | Reached * piety under Wu Jian
  4653 | Sewer    | Reached XP level 8. HP: 53/87 MP: 8/8
  5056 | D:5      | Reached skill level 8 in Fighting
  5642 | D:6      | Found a runed translucent gate.
  5642 | D:6      | Found a runed translucent gate.
  5642 | D:6      | Found a runed translucent gate.
  5649 | D:6      | Noticed Azuvok's ghost (novice HOFi)
  5752 | D:6      | Found a staircase to the Ecumenical Temple.
  5908 | D:6      | Reached XP level 9. HP: 49/97 MP: 9/9
  5910 | D:6      | Killed from afar by an orc warrior

Illustrated notes

Levels and vault maps discovered:
D:1:      dpeg_arrival_court, layout_loops_ring, serial_co_window_serial,
          co_window_paths_a, co_window_paths_a, co_window_paths_a,
          co_window_corner_a, co_window_cross_1, co_window_cross_3,
          co_window_broadway_c, co_window_corner_b, co_window_broadway_a,
          co_window_unsneaky_path_c, co_window_of_opportunity_c,
          co_window_broadway_a, glass_columns_a, glass_columns_b,
          glass_columns_a, glass_columns_b, chequers_ecumenical_altar_simple,
          minmay_three_crescents
D:2:      layout_loops_ring
D:3:      layout_basic, serial_shops, nicolae_shop_competitors_out_of_business,
          minmay_misc_feat_roman, minmay_misc_feat_square, uniq_ijyb
D:4:      layout_loops_ring, lemuel_doored_altar, old_standard_altar,
          kennysheep_potato
D:5:      layout_cave_pods, cheibrodos_sewer_entry_bend, serial_bayou_ford_a,
          kennysheep_dice
D:6:      layout_cave_pools, minmay_temple_entry_antechambers,
          ebering_ghost_rock_garden, kennysheep_another_room

Skill      XL: |  1  2  3  4  5  6  7  8 |
---------------+-------------------------+-----
Fighting       | 3 4 5 6 7 8 |  8.8
Dodging        | 3 4 5 6 |  6.4
Maces & Flails | 3 4 5 6 |  6.4
Throwing       | |  2.0

Action                   |  1- 3 |  4- 6 |  7- 9 || total
-------------------------+-------+-------+-------++-------
Melee: Flail             |   102 |   120 |   266 ||   488
       Punch             |       |     1 |     5 ||     6
Throw: Throwing net      |     1 |     2 |       ||     3
       Large rock        |       |     2 |     1 ||     3
       Dart              |       |       |    28 ||    28
Invok: Lunge             |       |     2 |    10 ||    12
       Whirlwind         |       |       |     1 ||     1
  Use: Scroll            |     3 |       |     2 ||     5
       Potion            |       |       |     1 ||     1
 Stab: Held in net/web   |       |     1 |       ||     1
Armor: Robe              |    31 |    27 |    22 ||    80
Dodge: Dodged            |    57 |   100 |   166 ||   323

Table legend: (Time is in decaauts)
 A = Elapsed time spent in this place.
 B = Non-inter-level travel time spent in this place.
 C = Inter-level travel time spent in this place.
 D = Time resting spent in this place.
 E = Time spent auto-exploring this place.
 F = Levels seen in this place.
 G = Mean time per level.
                   A        B        C        D        E       F      G
               +--------+--------+--------+--------+--------+-----+--------+
         Total |   6182 |   5988 |    194 |    126 |   3939 |   7 |  883.1 |
       Dungeon |   5208 |   5014 |    194 |    101 |   3540 |   6 |  868.0 |
         Sewer |    974 |    974 |      0 |     25 |    398 |   1 |  974.0 |
               +--------+--------+--------+--------+--------+-----+--------+

Top non-repeatable levels by time:
     D:1: 1567 daAuts
     D:5: 1067 daAuts
   Sewer: 974 daAuts
     D:4: 842 daAuts
     D:3: 787 daAuts
     D:2: 675 daAuts
     D:6: 267 daAuts
